 Dungeon Crawl Stone Soup version 0.30-a0-672-gc3a7216ad8 (webtiles) character file.

Game seed: 9518806903504958812

4 wormed the Ducker (level 1, 0/10 HPs)
             Began as a Felid Chaos Knight on Jan 18, 2023.
             Was a Plaything of Xom.
             Slain by a frilled lizard (1 damage)
             ... on level 1 of the Dungeon.
             The game lasted 00:00:25 (207 turns).

wormed the Ducker (Felid Chaos Knight)               Turns: 207, Time: 00:00:25

Health: 0/10       AC:  1    Str:  8    XL:     1   Next: 50%
Magic:  2/2        EV: 17    Int: 13    God:    Xom [..*...]
Gold:   22         SH:  0    Dex: 15    Spells: 0/0 levels left
                                        Lives:  0   Deaths: 0

rFire   . . .      SeeInvis +      - Unarmed
rCold   . . .      Faith    .    (shield unavailable)
rNeg    . . .      Spirit   .    (body armour unavailable)
rPois   .          Reflect  .    (helmet unavailable)
rElec   .          Harm     .    (cloak unavailable)
rCorr   .          Rampage  .    (gloves unavailable)
Will    .....                    (boots unavailable)
Stlth   ++                       (no amulet)
HPRegen 0.21/turn                (no ring)
MPRegen 0.08/turn                (no ring)

@: quick
A: very small, claws 1, fangs 3, see invisible, speed 1, shaggy fur 1, stealthy
paws, no weapons or thrown items, no armour, multi-lived
a: Renounce Religion


You were on level 1 of the Dungeon.
You worshipped Xom.
You were a toy of Xom.
You visited 1 branch of the dungeon, and saw 2 of its levels.

You collected 22 gold pieces.

Inventory:

Scrolls
 b - a scroll of teleportation {unknown}
Miscellaneous
 a - a piece from Xom's chessboard (15/15) (quivered)


   Skills:
 + Level 3.0 Fighting
 + Level 3.3 Dodging
 + Level 0.5 Stealth
 + Level 3.0 Unarmed Combat


You couldn't memorise any spells.
You didn't know any spells.
Your spell library was empty.

Dungeon Overview and Level Annotations

Branches:
Dungeon (2/15)

Altars:

Annotations:
D:2 Natasha


Innate Abilities, Weirdness & Mutations

You have sharp claws.
You have razor-sharp teeth.
You have supernaturally acute eyesight. (SInv)
You cover ground quickly. (Speed+)
You are covered in fur. (AC +1)
Your paws help you pounce on unaware monsters.
You are incapable of wielding weapons or throwing items.
You cannot wear armour.
You gain extra lives every three experience levels.


Message History

The ball python hisses angrily.
A ball python is nearby!
A ball python is nearby!
A ball python is nearby!
A frilled lizard comes into view.
Found 6 stones, a scroll labelled FOSETUO IWNO and a ring mail.
The frilled lizard hisses angrily.
A frilled lizard comes into view.
The frilled lizard hisses.
The ball python barely misses you. x2
You closely miss the frilled lizard. The ball python closely misses you.
The ball python grabs you. The ball python constricts you.
The frilled lizard closely misses you.
You scratch the ball python but do no damage.
The ball python closely misses you. The ball python constricts you.
The frilled lizard bites you.
You barely miss the ball python. The ball python closely misses you.
The ball python constricts you. The frilled lizard misses you.
The ball python bites you.
* * * LOW HITPOINT WARNING * * *
The ball python constricts you.
* * * LOW HITPOINT WARNING * * *
You escape the ball python's grasp.
There is a stone staircase leading down here.
You climb downwards.
Natasha hisses angrily.
Found 12 gold pieces.
There is a stone staircase leading up here.
Natasha is nearby!
You now have 22 gold pieces (gained 12).
There are no items here.
Natasha stares at you and mumbles some strange words.
The magic dart hits you.
Ouch! That really hurt!
* * * LOW HITPOINT WARNING * * *
There is a stone staircase leading up here.
You climb upwards.
The ball python closely misses you. The ball python misses you.
The frilled lizard bites you.
You die...
Xom yawns loudly!

.....###.##.##.#..######
.....# #.#..#.........
...†.# #.#..#..#..###.#
.....###.#.....#..#
.......l.....#.##.#
.....###.....#.##.#
####.#######...##.#
#....######...#.S#
#.#####.......l@# #...#
##.##.#.###
####.###...###.#
#(....#..≈..##.#
#####...~~~....#####
#>#).≈..##.....#
###.##...#######.#
###....##.###
#....)......#


You could see a ball python and a frilled lizard.

Vanquished Creatures
  A bat (D:1)
  A hobgoblin (D:1)
  2 kobolds (D:1)
4 creatures vanquished.

Notes
Turn   | Place    | Note
-------+----------+-------------------------------------------
     0 | D:1      | wormed the Felid Chaos Knight began the quest for the Orb.
     0 | D:1      | Reached XP level 1. HP: 10/10 MP: 2/2
   202 | D:2      | Noticed Natasha
   207 | D:1      | Slain by a frilled lizard

Illustrated notes

Levels and vault maps discovered:
D:1:      dpeg_arrival_stone_temple_mockup, layout_basic, wad_floor_pattern_2,
          columned_hall_lemuel, amcnicky_mini_pool_small
D:2:      layout_basic, basic_altar, uniq_sigmund, uniq_natasha

Action                   || total
-------------------------++-------
Melee: Unarmed           ||    17
Armor: Skin              ||     1
Dodge: Dodged            ||    24

Table legend: (Time is in decaauts)
 A = Elapsed time spent in this place.
 B = Non-inter-level travel time spent in this place.
 C = Inter-level travel time spent in this place.
 D = Time resting spent in this place.
 E = Time spent auto-exploring this place.
 F = Levels seen in this place.
 G = Mean time per level.
                   A        B        C        D        E       F      G
               +--------+--------+--------+--------+--------+-----+--------+
         Total |    178 |    178 |      0 |      0 |    112 |   2 |   89.0 |
       Dungeon |    178 |    178 |      0 |      0 |    112 |   2 |   89.0 |
               +--------+--------+--------+--------+--------+-----+--------+

Top non-repeatable levels by time:
     D:1: 173 daAuts
     D:2: 4 daAuts
